 Dungeon Crawl Stone Soup version 0.29-a0-8-g0446c0dae4 (webtiles) character file.

Game seed: 119719465466202034

2 shoop the Sneak (level 1, 10/10 HPs)
             Began as a Vampire Enchanter on Jan 27, 2022.
             Quit the game on level 1 of the Dungeon.
             The game lasted 00:00:22 (41 turns).

shoop the Sneak (Vampire Enchanter)                   Turns: 41, Time: 00:00:23

Health: 10/10      AC:  2    Str:  7    XL:     1   Next: 25%
Magic:  3/3        EV: 12    Int: 17    God:
Gold:   0          SH:  0    Dex: 14    Spells: 4/4 levels left

rFire   . . .      SeeInvis +   a - +1 dagger
rCold   + + .      Faith    .   (no shield)
rNeg    + + +      Spirit   .   b - +0 robe
rPois   ∞          Reflect  .   (no helmet)
rElec   .          Harm     .   (no cloak)
rCorr   .          Rampage  .   (no gloves)
Will    .....                   (no boots)
Stlth   +++++.....              (no amulet)
HPRegen 0.03/turn               (no ring)
MPRegen 0.08/turn               (no ring)

@: bloodless
A: bloodless, fangs 3, see invisible, vampiric 1
a: Revivify


You were on level 1 of the Dungeon.
You visited 1 branch of the dungeon, and saw 1 of its levels.

Inventory:

Hand Weapons
 a - a +1 dagger (weapon)
Armour
 b - a +0 robe (worn)
Potions
 c - a potion of invisibility
 d - a potion of curing {unknown}


   Skills:
 + Level 1.1 Short Blades
 - Level 2.1 Dodging
 + Level 4.6 Stealth
 - Level 2.0 Spellcasting
 - Level 4.4 Hexes


You had 4 spell levels left.
You didn't know any spells.
Your spell library contained the following spells:

 Spells                   Type           Power      Damage    Failure   Level
 Confusing Touch          Hex            16%        N/A       10%         3
 Tukima's Dance           Hex            16%        N/A       10%         3
 Ensorcelled Hibernation  Hex/Ice        18%        N/A       12%         2
 Dazzling Flash           Conj/Hex       18%        N/A       24%         3


Dungeon Overview and Level Annotations

Branches:
Dungeon (1/15)

Altars:


Innate Abilities, Weirdness & Mutations

You do not regenerate when monsters are visible.
You are frail without blood (-20% HP).
You can heal yourself when you bite living creatures.
You are immune to poison.
You have razor-sharp teeth.
You have supernaturally acute eyesight. (SInv)
You are afflicted with vampirism.


Message History

Welcome, shoop the Vampire Enchanter.
The heart of this dungeon contains the splendid artefact, the Orb of Zot.
Press ? for a list of commands and other information.
Found 22 stones and a purple potion.
Found a staircase leading out of the dungeon.
You see here 22 stones.
d - a purple potion You open the door.
There is an open door here.
A rat comes into view.
Found a stone staircase leading down.
You hit the rat but do no damage. The rat bites you but does no damage.
You hit the rat.
You kill the rat!
No target in view!
No target in view!
You begin bloodletting.
You continue bloodletting. x5
HP restored.
You become bloodless.
A goblin comes into view. It is wielding a +0 club.
A goblin is nearby!
The helpless goblin fails to defend itself.
You bite the goblin, and draw its blood!
You impale the goblin!!
You kill the goblin!
Things that are here:
a +0 club; a goblin corpse Are you sure you want to abandon this character and quit the game? (Confirm with "yes".)

.##############...
......>...........
.######....#.###
#.##.#.##
.######.##....# .#
..............# .#
.######.#####.###
#.#
#.#...#...##..#
#.@.# ###....###
#.### #........#
#.# #..##.....##.
#.# #.##.........
#+#######'####.###
.........## ..
..#####.(.# ..
#.#.#.# #.##.##.#


There were no monsters in sight!

Vanquished Creatures
  A goblin (D:1)
  A rat (D:1)
2 creatures vanquished.

Notes
Turn   | Place    | Note
-------+----------+-------------------------------------------
     0 | D:1      | shoop the Vampire Enchanter began the quest for the Orb.
     0 | D:1      | Reached XP level 1. HP: 13/13 MP: 3/3
    41 | D:1      | Quit the game

Illustrated notes

Levels and vault maps discovered:
D:1:      roderic_octagonal_star, layout_rooms,
          dreamdust_ecumenical_altar_grove, hex_medium

Action                   || total
-------------------------++-------
Melee: Dagger            ||     3
 Abil: Exsanguinate      ||     1
 Stab: Sleeping          ||     1
Armor: Robe              ||     1

Table legend: (Time is in decaauts)
 A = Elapsed time spent in this place.
 B = Non-inter-level travel time spent in this place.
 C = Inter-level travel time spent in this place.
 D = Time resting spent in this place.
 E = Time spent auto-exploring this place.
 F = Levels seen in this place.
 G = Mean time per level.
                   A        B        C        D        E       F      G
               +--------+--------+--------+--------+--------+-----+--------+
         Total |     41 |     41 |      0 |      0 |     18 |   1 |   41.0 |
       Dungeon |     41 |     41 |      0 |      0 |     18 |   1 |   41.0 |
               +--------+--------+--------+--------+--------+-----+--------+

Top non-repeatable levels by time:
     D:1: 41 daAuts
